Map: Moonlight Madness LE (Void)

Players

Javert

  • Race: Zerg Zerg
  • League: Gold

Nirax - Winner!

  • Race: Terran Terran
  • League: Gold

VOD

Have the link to the VOD?

Description

Time

  • Played on: Sept. 28, 2015, 10:12 p.m.
  • Length: 7:54
Show
View Real Time Build Order
Export as new Build Order

Javert Zerg 

Build Orders: Hatch First 

Get SALT Encoding   

  12  0:01  Drone  
  13  0:13  Overlord  
  13  0:17  Drone  
  14  0:31  Drone x2  
  16  0:36  Drone  
  17  0:55  Drone  
  17  0:56  Hatchery  
  17  1:04  Drone  
  17  1:05  Extractor  
  17  1:14  Drone  
  18  1:20  Spawning Pool  
  18  1:23  Drone  
  18  1:29  Drone  
  19  1:39  Drone  
  20  1:50  Drone  
  21  2:02  Overlord  
  21  2:10  Queen x2  
  21  2:11  Metabolic Boost  
  21  2:14  Zergling x4  
  27  2:27  Drone x2  
  29  2:35  Drone  
  29  2:36  Drone  
  31  2:48  Overlord  
  31  2:51  Queen  
  33  2:58  Drone x3  
  35  3:15  Drone x3  
  35  3:18  Hatchery  
  37  3:30  Lair  
  37  3:39  Drone x6  
  43  3:52  Extractor  
  43  3:54  Roach Warren  
  41  3:56  Queen  
  41  3:57  Overlord  
  41  4:02  Spore Crawler  
  42  4:03  Overlord  
  42  4:04  Overlord  
  42  4:06  Overlord  
  42  4:17  Overlord x2  
  42  4:21  Spore Crawler  
  41  4:28  Extractor  
  40  4:34  Overlord  
  40  4:40  Roach x5  
  50  4:48  Drone x6  
  50  4:49  Drone, Overseer  
  57  5:01  Ravager x2  
  57  5:02  Ravager  
  60  5:07  Drone x2  
  60  5:08  Drone x5  
  67  5:22  Drone  
  67  5:23  Drone x6  
  74  5:31  Spine Crawler  
  74  5:33  Drone  
  74  5:34  Drone, Glial Reconstitution  
  75  5:44  Extractor  
  76  5:57  Roach x6  
  76  5:58  Roach x4  
  75  6:32  Queen  
  73  6:34  Drone x8  
  73  6:35  Drone x4  
  73  6:37  Extractor  
  73  6:38  Extractor  
  83  6:43  Baneling Nest  
  83  6:44  Spire  
  81  6:59  Overlord x2  
  81  7:07  Roach x7  
  95  7:11  Queen  
  95  7:12  Overlord x2  
  97  7:24  Hatchery  
  97  7:28  Overlord x3  
  96  7:31  Overlord  
Show
View Real Time Build Order
Export as new Build Order

Nirax Terran - Winner!

Build Orders: MMM Bio 

Get SALT Encoding   

  12  0:01  SCV  
  13  0:13  SCV  
  14  0:19  Supply Depot  
  14  0:25  SCV  
  15  0:42  Barracks  
  15  0:43  SCV  
  16  0:54  Refinery  
  16  0:56  SCV  
  17  1:08  SCV  
  18  1:20  SCV  
  19  1:30  Supply Depot  
  19  1:36  Command Center  
  19  1:38  Marine  
  20  1:49  Orbital Command  
  20  2:01  Reaper  
  21  2:08  Supply Depot  
  21  2:15  SCV  
  22  2:27  SCV  
  23  2:30  Factory  
  23  2:39  SCV  
  23  2:40  Barracks  
  23  2:41  Refinery  
  24  2:45  Supply Depot  
  24  2:47  Marine  
  25  2:51  SCV  
  26  3:02  SCV  
  27  3:06  Marine  
  28  3:15  Factory Reactor  
  28  3:17  Starport  
  28  3:18  SCV  
  30  3:20  Orbital Command  
  29  3:28  Barracks Tech Lab  
  29  3:30  SCV  
  29  3:32  Barracks  
  30  3:40  Marine  
  31  3:42  SCV  
  32  3:48  Supply Depot  
  32  3:51  Combat Shields  
  32  3:54  SCV  
  33  4:00  SCV  
  34  4:04  Factory Tech Lab  
  34  4:06  SCV  
  34  4:07  Marine  
  34  4:09  Marauder  
  38  4:10  Medivac  
  38  4:12  SCV  
  41  4:18  SCV  
  41  4:21  Barracks Tech Lab  
  42  4:24  SCV  
  42  4:25  Marine  
  42  4:30  SCV, Marine  
  46  4:33  Medivac  
  46  4:36  SCV  
  49  4:43  Marine  
  49  4:45  Factory Tech Lab  
  50  4:46  Engineering Bay, Barracks  
  50  4:48  Marauder  
  50  4:50  SCV, Marine  
  54  4:58  Medivac  
  56  5:01  Marine  
  56  5:03  SCV  
  56  5:04  SCV  
  59  5:08  Marauder  
  59  5:10  Marauder  
  63  5:15  SCV  
  63  5:19  Marine  
  65  5:27  Factory Tech Lab  
  65  5:30  Marauder  
  65  5:31  Marine  
  68  5:37  Marine  
  68  5:41  Stimpack  
  69  5:44  Barracks  
  69  5:45  Refinery x2  
  69  5:46  Engineering Bay  
  69  5:48  Marine  
  70  6:02  Marine  
  70  6:07  Marauder  
  69  6:13  Marauder  
  68  6:20  Marine  
  67  6:28  Marine  
  66  6:34  Marine  
  66  6:38  Command Center, Armory, Marine  
  68  6:46  Marauder  
  70  6:53  Supply Depot  
  70  7:14  SCV x2, Marauder, Marine x2  
  76  7:18  Supply Depot  
  76  7:20  Barracks  
  76  7:21  Supply Depot x2  
  76  7:22  Marine  
  76  7:23  Factory Reactor  
  76  7:27  Supply Depot  
  77  7:32  Marine  
Tags
 
Add a new tag
Caveats
  • Supply blocks, unpowered buildings, or Contaminate may cause inaccurate times.
  • Supply counts are checked every 10 seconds.